 Dungeon Crawl Stone Soup version 0.18.1-50-g88ac8fd (webtiles) character file.

65 Mesmaeker13 the Conjurer (level 3, -3/24 HPs)
             Began as a Demonspawn Conjurer on Oct 22, 2016.
             Slain by a centaur zombie (4 damage)
             ... on level 3 of the Dungeon on Oct 23, 2016.
             The game lasted 00:05:40 (2974 turns).

Mesmaeker13 the Conjurer (Demonspawn Conjurer)      Turns: 2974, Time: 00:05:40

Health: -3/24      AC:  3    Str: 10    XL:     3   Next: 94%
Magic:  0/7        EV: 12    Int: 17    God:
Gold:   42         SH:  0    Dex: 13    Spells: 1 memorised, 7 levels left

rFire  . . .     SeeInvis .     e - +0 whip
rCold  . . .     Gourm    .     a - +0 robe
rNeg   . . .     Faith    .     (no shield)
rPois  .         Spirit   +     (no helmet)
rElec  .         Dismiss  .     f - +0 cloak
rCorr  .         Reflect  .     (no gloves)
SustAt .         Harm     .     (no boots)
MR     .....                    (no amulet)
Stlth  ++........               (no ring)
                                t - +2 ring of strength

@: not resistant to hostile enchantments, unstealthy
A: talons 1, magic shield
a: no special abilities


You were on level 3 of the Dungeon.
You were hungry.

You visited 1 branch of the dungeon, and saw 3 of its levels.

You collected 42 gold pieces.

Inventory:

Hand Weapons
 e - a +0 whip (weapon)
Armour
 a - a +0 robe (worn)
 f - a +0 cloak (worn)
 h - a fire dragon hide
Jewellery
 t - a +2 ring of strength (left hand)
Scrolls
 d - a scroll of teleportation {unknown}
 i - a scroll of enchant weapon {unknown}
 j - a scroll of remove curse {unknown}
 o - 2 scrolls of identify {unknown}
 q - a scroll of enchant armour {unknown}
Potions
 m - a potion of berserk rage {unknown}
 p - 2 potions of magic {unknown}
 r - a potion of heal wounds {unknown}
Books
 b - a book of Conjurations

   Spells                             Type                      Level
   a - Magic Dart                     Conjuration                  1
   b - Searing Ray                    Conjuration                  2
   c - Dazzling Spray                 Conjuration/Hexes            3
   d - Fulminant Prism                Conjuration/Hexes            4
   e - Iskenderun's Mystic Blast      Conjuration                  4
   f - Iskenderun's Battlesphere      Conjuration/Charms           5
Comestibles
 c - a bread ration
 g - a beef jerky
 k - 5 fruits
 l - a meat ration
 s - a royal jelly


   Skills:
 - Level 1.7 Dodging
 - Level 1.7 Stealth
 + Level 3.0 Spellcasting
 + Level 4.9 Conjurations


You had 7 spell levels left.
You knew the following spells:

 Your Spells              Type           Power        Failure   Level  Hunger
a - Magic Dart            Conj           ###.         2%          1    None


Dungeon Overview and Level Annotations

Branches:
Dungeon (3/15)

Altars:
Ru

Annotations:
D:2 1 exclusion, Sigmund


Innate Abilities, Weirdness & Mutations

You have sharp toenails.
When hurt, damage is shared between your health and your magic reserves.


Message History

The magic dart hits the centaur zombie.
Casting: Magic Dart
Confirm with . or Enter, or press ? or * to list all spells.
Aiming: Magic Dart
Press: ? - help, Shift-Dir - straight line, f/p - centaur zombie
Aim: a centaur zombie The magic dart hits the centaur zombie.
The centaur zombie hits you!
* * * LOW HITPOINT WARNING * * *
Casting: Magic Dart
Confirm with . or Enter, or press ? or * to list all spells.
Aiming: Magic Dart
Press: ? - help, Shift-Dir - straight line, f/p - centaur zombie
Aim: a centaur zombie The magic dart hits the centaur zombie.
The centaur zombie hits you.
* * * LOW HITPOINT WARNING * * *
You hit the centaur zombie.
You claw the centaur zombie, but do no damage.
The centaur zombie hits you but does no damage.
You hit the centaur zombie. The centaur zombie hits you.
You die...

###### .
#####....####...
..............>.
#...#...###
#(...@.<..#
#...Z##.###
#..... ..#
#.....#.##
.....###. ##...
.. #.. ## #..


You could see a centaur zombie.

Vanquished Creatures
  3 adders
  A worm (D:2)
  A giant cockroach (D:2)
  3 goblins
  5 hobgoblins
  2 jackals (D:1)
  3 kobolds (D:1)
  A ball python (D:2)
  7 bats
  3 giant newts
  11 rats
40 creatures vanquished.

Notes
Turn   | Place    | Note
--------------------------------------------------------------
     0 | D:1      | Mesmaeker13 the Demonspawn Conjurer began the quest for the Orb.
     0 | D:1      | Reached XP level 1. HP: 13/13 MP: 3/3
   409 | D:1      | Gained mutation: You have sharp toenails. [demonic ancestry]
   409 | D:1      | Reached XP level 2. HP: 16/19 MP: 5/5
  1503 | D:1      | Gained mutation: When hurt, damage is shared between your health and your magic reserves. [demonic ancestry]
  1503 | D:1      | Reached XP level 3. HP: 24/24 MP: 4/6
  2478 | D:2      | Found a sacrificial altar of Ru.
  2891 | D:2      | Noticed Sigmund
  2972 | D:3      | HP: 1/24 [centaur zombie (5)]
  2974 | D:3      | Slain by a centaur zombie

Skill      XL: |  1  2  3 |
---------------+----------+-----
Spellcasting   | 3 |  3.0
Dodging        | |  1.7
Stealth        | |  1.7
Conjurations   | |  4.9

Action                   || total
-------------------------++-------
Melee: Whip              ||    92
       Kick              ||    16
 Cast: Magic Dart        ||    60
 Stab: Sleeping          ||     4
  Eat: Chunk             ||     6
Armor: Robe              ||    29
Dodge: Dodged            ||    85
